 Dungeon Crawl Stone Soup version 0.26.1-11-gd32895ea62 (webtiles) character file.

Game seed: 15280286553934418405

16413 RaHiT the Fighter (level 12, -10/145 HPs)
             Began as a Demonspawn Chaos Knight on Apr 19, 2021.
             Was a Plaything of Xom.
             Mangled by a death ooze (13 damage)
             ... summoned by Xom
             ... in a Gauntlet.
             The game lasted 01:16:03 (12504 turns).

RaHiT the Fighter (Demonspawn Chaos Knight)        Turns: 12504, Time: 01:16:05

Health: -10/145    AC: 26    Str: 14    XL:     12   Next: 9%
Magic:  25/25      EV:  2    Int: 20    God:    Xom [...*..]
Gold:   770        SH: 13    Dex: 13    Spells: 29/29 levels left

rFire    x . .     SeeInvis .   E - +5 falchion of Edyve {venom, *Drain rElec rPois rN++}
rCold    + . .     Faith    .   S - +2 buckler
rNeg     + + +     Spirit   .   (armour currently unavailable)
rPois    +         Reflect  +   (helmet currently unavailable)
rElec    +         Harm     .   (cloak currently unavailable)
rCorr    .         Rampage  .   (gloves currently unavailable)
Will     +....     NoTele   +   (boots currently unavailable)
Stlth    +.........             X - amulet "Vuomew" {Reflect +Inv rF- rN+ Int+3 SH+5 Stlth+}
HPRegen  0.34/turn              P - +4 ring of evasion
MPRegen  0.19/turn              A - ring of protection from cold

@: liquid flames, tree-form, glowing
A: blurry vision 1, deterioration 1, strong-willed 1, negative energy resistance
1, powered by death 1, MP-powered wands
a: Renounce Religion, Evoke Invisibility


You were in a Gauntlet.
You worshipped Xom.
You were a favourite toy of Xom.
You were a tree.
You visited 3 branches of the dungeon, and saw 14 of its levels.
You also visited: Gauntlet.

You collected 770 gold pieces.

Inventory:

Hand Weapons
 a - a +3 vampiric dagger
 b - a +4 fustibalus of chaos
 y - a +0 demon whip of freezing
 E - the +5 falchion of Edyve (weapon) {venom, *Drain rElec rPois rN++}
   (You found it on level 12 of the Dungeon)

   It poisons the flesh of those it strikes.
   It insulates you from electricity.
   It protects you from poison.
   It greatly protects you from negative energy.
   It causes draining when unequipped.
 J - a +2 scimitar of flaming
 L - a +2 morningstar of freezing
 N - a +1 morningstar of protection
 O - a +0 hand crossbow
Missiles
 e - 260 stones (quivered)
 n - 79 sling bullets
 r - 61 bolts
 t - 2 throwing nets
 D - 33 poisoned darts
 F - 14 boomerangs
 K - 270 arrows
 W - 2 silver boomerangs
Armour
 d - a +2 leather armour
 j - a +0 plate armour
 m - a +0 pair of gloves (melded)
 o - a +1 robe of the Archmagi
 w - a +4 ring mail of poison resistance (melded)
 x - a +0 cloak (melded)
 C - a +0 buckler
 G - a +2 leather armour of fire resistance
 S - a +2 buckler (worn)
Magical Staves
 V - an uncursed staff of earth {unknown}
Jewellery
 q - an uncursed ring of ice
 v - the ring "Sivonus" {rPois rF+ Str+4}
   (Xom gifted it to you on level 5 of the Dungeon)

   [ring of protection from fire]

   It affects your strength (+4).
   It protects you from fire.
   It protects you from poison.
 A - a ring of protection from cold (right branch)
 H - a +4 ring of protection {unknown}
 P - a +4 ring of evasion (left branch)
 X - the amulet "Vuomew" (around neck) {Reflect +Inv rF- rN+ Int+3 SH+5 Stlth+}
   (You took it off an orc on level 9 of the Dungeon)

   [amulet of reflection]

   It shields you and reflects attacks.
   It affects your intelligence (+3).
   It makes you vulnerable to fire.
   It protects you from negative energy.
   It lets you turn invisible.
   It affects your SH (+5).
   It makes you more stealthy.
Wands
 k - a wand of acid (6)
 u - a wand of digging (1)
 M - a wand of flame (20)
 R - a wand of paralysis (7)
 T - a wand of random effects (32)
 U - a wand of polymorph (5)
Scrolls
 g - 2 scrolls of noise
 h - a scroll of fear
 l - 4 scrolls of magic mapping
 p - 6 scrolls of remove curse
 z - a scroll of amnesia
 Q - a scroll of fog
 Y - 3 scrolls of identify
Potions
 c - 2 potions of degeneration
 f - 4 potions of lignification
 i - 3 potions of attraction
 s - 6 potions of might
 B - a potion of brilliance
 I - 3 potions of curing


   Skills:
 - Level 10.0 Fighting
 - Level 7.0 Armour
 - Level 2.0 Dodging
 - Level 10.0 Shields
 - Level 3.0 Unarmed Combat
 + Level 9.0 Spellcasting
 - Level 6.0 Evocations


You had 29 spell levels left.
You didn't know any spells.
Your spell library contained the following spells:

 Spells                   Type           Power        Failure   Level
 Magic Dart               Conj           36%          8%          1
 Searing Ray              Conj           18%          12%         2
 Dazzling Flash           Conj/Hex       18%          22%         3
 Fulminant Prism          Conj/Hex       4%           58%         4
 Iskenderun's Mystic Bla  Conj/Tloc      9%           58%         4


Dungeon Overview and Level Annotations

Branches:
Dungeon (12/15)            Temple (1/1) D:5            Lair (1/6) D:9
    Orc (0/2) D:10        Gauntlet (1/1)

Altars:
Ashenzari
Cheibriados
Dithmenos
Elyvilon
Fedhas
Gozag
Hepliaklqana
Kikubaaqudgha
Makhleb
Nemelex Xobeh
Okawaru
Qazlal
Ru
Sif Muna
Trog
Uskayaw
Vehumet
Wu Jian
Xom
Yredelemnul
Zin
The Shining One

Annotations:
D:5 3 runed translucent doors, wpisznazwe's ghost, novice DsGl
D:11 exclusion: ice statue
D:12 Jorgrun Gauntlet 14 transporters, 19 runed translucent doors


Innate Abilities, Weirdness & Mutations

((You have a pair of antennae on your head.))
((You are partially covered in yellow scales. (AC +2)))
You resist negative energy. (rN+)
You regenerate a little health from kills.
((You are completely covered in sharp spines.))
((You have sharp fingernails.))
Scrolls take you a little longer to read.
Your body sometimes deteriorates upon taking damage.
You are strong-willed. (Will+)
((Your system is resistant to poisons. (rPois)))
You expend magic power (3 MP) to strengthen your wands.


Message History

You block the ufetubus's attack. The ynoxinul hits you.
* * * LOW HITPOINT WARNING * * *
The ufetubus hits you but does no damage.
The ufetubus hits you.
* * * LOW HITPOINT WARNING * * *
You hit the ynoxinul.
You kill the ynoxinul!
The ufetubus disappears in a puff of smoke! x4
You block the death ooze's attack. x3; The death ooze hits you!
* * * LOW HITPOINT WARNING * * *
The smoke demon gestures at you.
The sticky flame hits you but does no damage.
You are covered in liquid flames!
You barely miss the death ooze.
The death ooze is moderately damaged.
You are covered in liquid flames!
* * * LOW HITPOINT WARNING * * *
The death ooze hits you!
You die...
Xom bursts into laughter!

...............###
..###########..#8#
..#...≈≈...[#..###
..#.≈≈..≈≈≈.#....#
..#≈..≈..≈.≈#....#
###≈.≈.≈≈...###..#
#©#.≈≈..≈..©#©#3§### ###
#.#....≈≈.≈y#.#J§#8# #8#
#.#..≈≈..≈.y#.#.♣###########
#.#≈≈≈.≈≈.≈≈#.#§.........#8#
#.#..©.≈...)#.#..........#####
#.###########.#########.....≈###
..#≈§≈§ ≈≈§≈#........©#......#8#
#.###########.#############..###
#.#.........#.#.#yyy..##$|#..#
#.#.#.##.##.#.#.#..###.##=#..#
#.#...#..#..#.#.#.##.##.#.#..####


You could see a death ooze (summoned), a smoke demon (summoned), 2 hornets and 3
meliai.

Vanquished Creatures
  A two-headed ogre (D:8)
  An unseen horror (D:10)
  A cyclops (D:11)
  A deep elf mage (D:12)
  2 centaur skeletons
  4 trolls
  A meliai (D:8)
  A hornet (D:7)
  A meliai zombie (D:12)
  A vampire (D:10)
  A water elemental (D:11)
  Sigmund (D:3)
  12 yaks
  A wyvern (D:12)
  A wraith (D:12)
  A soldier ant (D:11)
  5 orc warriors
  15 ice beasts
  5 sky beasts
  2 black bears
  3 phantoms
  A necrophage (D:12)
  7 centaurs
  9 ogres
  2 wolves (D:9)
  3 lemures (D:5)
  7 big kobolds
  7 bullfrogs
  2 gnoll sergeants (D:10)
  2 scorpions
  14 killer bees
  18 wights
  6 howler monkeys
  8 electric eels
  A lava snake (Lair:1)
  A bullfrog zombie (D:8)
  A centaur zombie (D:6)
  A gnoll shaman (D:6)
  3 jellies
  5 orc priests
  6 hounds
  3 bullfrog skeletons
  Jessica (D:2)
  3 iguanas
  13 orc wizards
  5 worker ants
  A hound zombie (D:8)
  3 worker ant zombies
  Robin (D:3)
  13 gnolls
  12 adders
  5 shadow imps
  4 white imps
  2 ufetubi (D:7)
  2 adder skeletons
  4 worms (D:3)
  A dart slug (D:2)
  4 leopard geckos
  51 orcs
  9 giant cockroaches
  16 goblins
  8 hobgoblins
  6 jackals (D:1)
  26 kobolds
  3 quokkas
  3 ball pythons
  8 bats
  9 frilled lizards
  A quokka zombie (D:5)
  3 rats
385 creatures vanquished.

Vanquished Creatures (collateral kills)
  Erica (D:8)
  A phantom (D:5)
  2 gnoll sergeants (D:10)
  2 gnolls (D:10)
  2 orcs (D:10)
  A kobold (D:8)
9 creatures vanquished.

Vanquished Creatures (others)
  A dancing weapon (D:10)
  Pikel (D:5)
  2 yaks (D:11)
  A lemure (D:5)
  2 gnolls (D:6)
  An orc (D:5)
  14 plants
  19 withered plants (Gauntlet)
41 creatures vanquished.

Grand Total: 435 creatures vanquished

Notes
Turn   | Place    | Note
-------+----------+-------------------------------------------
     0 | D:1      | RaHiT the Demonspawn Chaos Knight began the quest for the
                  | Orb.
     0 | D:1      | Reached XP level 1. HP: 18/18 MP: 1/1
    90 | D:1      | Reached skill level 1 in Dodging
   350 | D:1      | XOM: silly message
   440 | D:1      | Gained mutation: You are partially covered in sharp spines.
                  | [demonic ancestry]
   440 | D:1      | Reached XP level 2. HP: 23/24 MP: 2/2
   601 | D:1      | XOM: silly message
   620 | D:1      | Reached skill level 1 in Spellcasting
   649 | D:1      | Gained mutation: You have a pair of small antennae on your
                  | head. [demonic ancestry]
   649 | D:1      | Reached XP level 3. HP: 20/29 MP: 4/4
   716 | D:1      | XOM: divination: detect items
   902 | D:1      | XOM: divination: detect items
   950 | D:1      | XOM: divination: magic mapping
  1262 | D:2      | Gained mutation: You regenerate a little health from kills.
                  | [demonic ancestry]
  1262 | D:2      | Reached XP level 4. HP: 35/37 MP: 5/5
  1458 | D:2      | Noticed Jessica
  1466 | D:2      | Killed Jessica
  1675 | D:3      | Noticed an orc warrior
  1678 | D:3      | Reached skill level 5 in Fighting
  1678 | D:3      | Reached XP level 5. HP: 36/44 MP: 6/6
  1700 | D:3      | XOM: divination: detect creatures
  1704 | D:3      | XOM: potion effect (invisibility)
  1772 | D:2      | XOM: silly message
  1783 | D:2      | XOM: noise
  1835 | D:2      | XOM: silly message
  2006 | D:3      | You fall into a shaft and drop 1 floor!
  2006 | D:4      | XOM: stealth player
  2007 | D:4      | Noticed a phantom
  2026 | D:4      | XOM: divination: detect items
  2038 | D:4      | XOM: potion effect (curing)
  2113 | D:4      | Noticed an ogre
  2130 | D:4      | Killed an ogre
  2131 | D:4      | Gained mutation: You are partially covered in yellow
                  | scales. (AC +2) [demonic ancestry]
  2131 | D:4      | Reached XP level 6. HP: 41/52 MP: 7/7
  2160 | D:4      | XOM: silly message
  2222 | D:4      | XOM: potion effect (haste)
  2451 | D:4      | XOM: summons 6 friendly demons
  2455 | D:4      | Gained mutation: You are mostly covered in sharp spines.
                  | [demonic ancestry]
  2455 | D:4      | Reached XP level 7. HP: 53/60 MP: 8/8
  2524 | D:4      | Reached skill level 1 in Evocations
  2870 | D:3      | Noticed Sigmund
  2874 | D:3      | Noticed Robin
  2875 | D:3      | XOM: draining
  2884 | D:3      | Killed Sigmund
  2886 | D:3      | Killed Robin
  2924 | D:3      | XOM: swap monsters
  3071 | D:3      | XOM: summons 3 hostile demons
  3230 | D:3      | XOM: summons 1 hostile demon
  3345 | D:3      | Gained mutation: You are strong-willed. (Will+) [potion of
                  | mutation]
  3345 | D:3      | Gained mutation: Your system is resistant to poisons.
                  | (rPois) [potion of mutation]
  3600 | D:5      | Entered Level 5 of the Dungeon
  3662 | D:5      | Reached XP level 8. HP: 62/71 MP: 9/9
  3669 | D:5      | XOM: divine lightning
  3728 | D:5      | Found a runed translucent gate.
  3728 | D:5      | Found a runed translucent gate.
  3728 | D:5      | Found a runed translucent gate.
  3732 | D:5      | Noticed wpisznazwe's ghost (novice DsGl)
  3871 | D:5      | XOM: god gift: 32 gold pieces
  3892 | D:5      | XOM: god gift: twitching jade ring {god gift}
  3893 | D:5      | Got a twitching jade ring {god gift}
  3894 | D:5      | Identified the ring "Sivonus" {rPois rF+ Str+4} (Xom gifted
                  | it to you on level 5 of the Dungeon)
  4094 | D:5      | XOM: cast spell 'Summon Mana Viper'
  4174 | D:5      | Found a staircase to the Ecumenical Temple.
  4200 | Temple   | Entered the Ecumenical Temple
  4232 | Temple   | XOM: god gift: runed fustibalus {god gift}
  4432 | Temple   | XOM: cloud trail
  4496 | D:5      | Noticed Pikel
  4503 | D:5      | XOM: potion effect (brilliance)
  4512 | D:5      | XOM: confuse monster(s)
  4529 | D:5      | XOM: summons friendly ufetubus
  4539 | D:5      | XOM: butterfly on damage
  4543 | D:5      | XOM: cast spell 'Disjunction'
  4554 | D:5      | XOM: scenery: create altars
  4556 | D:5      | XOM: summons friendly white imp
  4566 | D:5      | Killed Pikel
  4566 | D:5      | XOM: divine lightning
  4567 | D:5      | Reached skill level 10 in Fighting
  4567 | D:5      | Reached skill level 1 in Shields
  4608 | D:5      | XOM: scenery: summon butterflies
  5028 | D:6      | XOM: smoke on damage
  5235 | D:6      | XOM: 1-stop teleportation journey
  5392 | D:6      | XOM: destruction
  5396 | D:6      | XOM: chaos upgrade
  5511 | D:6      | XOM: cleaving
  5524 | D:6      | Reached skill level 5 in Shields
  5524 | D:6      | Gained mutation: You are completely covered in sharp
                  | spines. [demonic ancestry]
  5524 | D:6      | Reached XP level 9. HP: 71/77 MP: 10/10
  5945 | D:7      | XOM: confusion
  6214 | D:7      | Found a shimmering altar of Xom.
  6262 | D:7      | Found a shimmering altar of Xom.
  6263 | D:7      | Found a shimmering altar of Xom.
  6266 | D:7      | Found a shimmering altar of Xom.
  6266 | D:7      | Found a shimmering altar of Xom.
  6469 | D:8      | XOM: repel stairs
  6470 | D:8      | Noticed Erica
  6480 | D:8      | XOM: cleaving
  6494 | D:8      | XOM: fog
  6509 | D:8      | XOM: summons 9 friendly demons
  6512 | D:8      | Killed Erica
  6672 | D:8      | XOM: give mutations
  6672 | D:8      | Gained mutation: You expend magic power (3 MP) to
                  | strengthen your wands. [Xom's mischief]
  6672 | D:8      | Gained mutation: Your body sometimes deteriorates upon
                  | taking damage. [Xom's mischief]
  6672 | D:8      | Gained mutation: Scrolls take you a little longer to read.
                  | [Xom's mischief]
  6766 | D:8      | Noticed a two-headed ogre
  6771 | D:8      | Killed a two-headed ogre
  6772 | D:8      | Gained mutation: You resist negative energy. (rN+) [demonic
                  | ancestry]
  6772 | D:8      | Reached XP level 10. HP: 85/85 MP: 11/11
  6775 | D:8      | You fall into a shaft and drop 3 floors!
  6789 | D:11     | XOM: smoke on damage
  6940 | D:11     | Reached skill level 10 in Shields
  6980 | D:11     | XOM: divination: magic mapping
  7009 | D:11     | XOM: divine lightning
  7178 | D:11     | XOM: smoke on damage
  7230 | D:11     | Reached skill level 5 in Evocations
  7257 | D:11     | Found an ornate altar of the Wu Jian Council.
  7319 | D:11     | XOM: cast spell 'Leda's Liquefaction'
  7386 | D:10     | XOM: noise
  7386 | D:10     | Entered Level 10 of the Dungeon
  7883 | D:10     | Killed an unseen horror
  7914 | D:10     | XOM: polymorph ogre -> iguana
  7920 | D:10     | Reached skill level 5 in Spellcasting
  7980 | D:9      | Gained mutation: You have a pair of antennae on your head.
                  | [demonic ancestry]
  7980 | D:9      | Reached XP level 11. HP: 90/90 MP: 18/18
  8084 | D:9      | XOM: divination: detect items
  8174 | D:8      | XOM: polymorph yak -> meliai
  8181 | D:8      | XOM: summons 3 friendly demons
  8210 | D:8      | Reached skill level 5 in Armour
  8335 | D:8      | XOM: silly message
  8369 | D:8      | XOM: noise
  8816 | D:9      | XOM: divination: detect items
  8831 | D:9      | XOM: confuse monster(s)
  8886 | D:9      | XOM: noise
  8898 | D:9      | Found a staircase to the Lair.
  8906 | D:9      | Identified the amulet "Vuomew" {Reflect +Inv rF- rN+ Int+3
                  | SH+5 Stlth+}
  8997 | D:9      | XOM: cloud trail
  9160 | D:9      | Found a burning altar of Makhleb.
  9345 | D:10     | XOM: divination: magic mapping
  9480 | D:10     | XOM: god gift: 28 gold pieces
  9668 | D:10     | XOM: scenery: summon butterflies
  9827 | D:10     | XOM: summons 1 hostile demon
 10103 | D:10     | Found a staircase to the Orcish Mines.
 10132 | D:10     | XOM: cast spell 'Chain of Chaos'
 10156 | D:10     | XOM: smoke on damage
 10225 | D:10     | XOM: cast spell 'Summon Dragon'
 10673 | D:10     | XOM: 6-stop teleportation journey
 10752 | D:11     | XOM: give mutation
 10752 | D:11     | Gained mutation: You have sharp fingernails. [Xom's grace]
 10928 | D:11     | XOM: scenery: summon butterflies
 10983 | D:11     | XOM: cleaving
 10986 | D:11     | XOM: cleaving
 11123 | D:11     | XOM: 6-stop teleportation journey
 11201 | D:11     | Noticed a frost giant
 11209 | D:11     | XOM: noise
 11260 | D:11     | XOM: 7-stop teleportation journey
 11375 | D:11     | XOM: silly message
 11533 | D:12     | Noticed a deep elf mage
 11542 | D:12     | XOM: smoke on damage
 11543 | D:12     | Killed a deep elf mage
 11596 | D:12     | XOM: divination: detect creatures
 11607 | D:12     | XOM: summons friendly crimson imp
 11614 | D:12     | XOM: draining
 11633 | D:12     | Reached XP level 12. HP: 41/93 MP: 24/24
 11670 | D:12     | XOM: 4-stop teleportation journey
 11671 | D:12     | Noticed Jorgrun
 12077 | D:12     | XOM: polymorph orc priest -> jelly
 12082 | D:12     | XOM: blink monster(s)
 12130 | D:12     | Got a pitted falchion
 12142 | D:12     | Identified the +5 falchion of Edyve {venom, *Drain rElec
                  | rPois rN++} (You found it on level 12 of the Dungeon)
 12197 | Lair:1   | Entered Level 1 of the Lair of Beasts
 12239 | Lair:1   | Found a gate leading to a gauntlet.
 12262 | Gauntlet | Entered a Gauntlet
 12262 | Gauntlet | Found a transporter.
 12262 | Gauntlet | Found a transporter.
 12262 | Gauntlet | Found a large runed translucent door.
 12262 | Gauntlet | Found a large runed translucent door.
 12262 | Gauntlet | Found a large runed translucent door.
 12262 | Gauntlet | Found a large runed translucent door.
 12262 | Gauntlet | Found a large runed translucent door.
 12262 | Gauntlet | Found a large runed translucent door.
 12262 | Gauntlet | Found a runed translucent door.
 12262 | Gauntlet | Found a runed translucent door.
 12262 | Gauntlet | Found a large runed translucent door.
 12262 | Gauntlet | Found a large runed translucent door.
 12262 | Gauntlet | Found a large runed translucent door.
 12262 | Gauntlet | Found a large runed translucent door.
 12262 | Gauntlet | Found a large runed translucent door.
 12262 | Gauntlet | Found a large runed translucent door.
 12266 | Gauntlet | Found a transporter.
 12266 | Gauntlet | Found a transporter.
 12271 | Gauntlet | Found a large runed translucent door.
 12271 | Gauntlet | Found a large runed translucent door.
 12272 | Gauntlet | Found a runed translucent gate.
 12272 | Gauntlet | Found a runed translucent gate.
 12272 | Gauntlet | Found a runed translucent gate.
 12274 | Gauntlet | Found a transporter.
 12290 | Gauntlet | XOM: cloud trail
 12294 | Gauntlet | Found a transporter.
 12301 | Gauntlet | Found a transporter.
 12307 | Gauntlet | Found a transporter.
 12308 | Gauntlet | Found a transporter.
 12354 | Gauntlet | Found a transporter.
 12361 | Gauntlet | Found a transporter.
 12392 | Gauntlet | Found a transporter.
 12438 | Gauntlet | Found a transporter.
 12455 | Gauntlet | Found a transporter.
 12456 | Gauntlet | Found the +1 cloak of Starlight {*Dazzle EV+4 Stlth--}
 12492 | Gauntlet | XOM: summons 3 hostile shadow creatures
 12493 | Gauntlet | Noticed a death ooze
 12504 | Gauntlet | HP: 2/145 [burnt (9)]
 12504 | Gauntlet | Mangled by a death ooze

Illustrated notes

Levels and vault maps discovered:
D:1:      nzn_arrival_depleted_hourglass, layout_rooms
D:2:      layout_rooms, serial_glass, glass_columns_c, glass_columns_b,
          corner_web_ring, serial_bayou_lagoon_b, uniq_jessica
D:3:      layout_basic, minmay_misc_feat_rows, uniq_robin, uniq_sigmund
D:4:      layout_basic
D:5:      wad_lake_hut, layout_basic, minmay_temple_entry_grid, serial_glass,
          glass_columns_a, glass_columns_c, gammafunk_ghost_split, uniq_pikel
D:6:      layout_gridville
D:7:      layout_cave_pools, xom_shifter_show
D:8:      layout_cave_pools, uniq_erica
D:9:      layout_rooms, makhleb_heckhound_becter, erik_lair_island
D:10:     layout_roguey, kennysheep_orc_monster_closet_entryway,
          minmay_diced_spiral
D:11:     minmay_twisted_water, layout_stronghold, basic_altar
D:12:     layout_roguey, uniq_psyche, uniq_jorgrun, uniq_nergalle
Temple:   compressed_dpeg_triangle_lava_temple
Lair:1:   layout_gridlike, gauntlet_entry_generic, grunt_megastairs_2,
          infiniplex_staircase_pool_2
Gauntlet: gammafunk_gauntlet_branching
          [minmay_gauntlet_arena_make_your_own_arena,
          gammafunk_gauntlet_arena_grid, gammafunk_gauntlet_arena_teeth,
          gammafunk_gauntlet_arena_hedges, nicolae_gauntlet_arena_grate_2,
          nicolae_gauntlet_arena_flowing_pool, nicolae_gauntlet_arena_x,
          gammafunk_gauntlet_arena_spirals,
          nicolae_gauntlet_exit_dead_adventurers]

Skill      XL: |  1  2  3  4  5  6  7  8  9 10 11 12 |
---------------+-------------------------------------+-----
Dodging        | 1 2 |  2.0
Armour         | 2 7 |  7.0
Spellcasting   | 1 5 8 9 |  9.0
Fighting       | 4 5 6 7 9 10 | 10.0
Unarmed Combat | 3 |  3.0
Evocations     | 2 6 |  6.0
Shields        | 5 9 10 | 10.0

Action                   |  1- 3 |  4- 6 |  7- 9 | 10-12 || total
-------------------------+-------+-------+-------+-------++-------
Melee: Dagger            |   105 |   160 |   329 |   129 ||   723
       Unarmed           |     6 |       |       |       ||     6
       Punch             |       |     2 |     3 |       ||     5
       Scimitar          |       |       |     7 |   185 ||   192
       Whip              |       |       |       |     9 ||     9
       Morningstar       |       |       |       |   193 ||   193
       Demon whip        |       |       |       |    17 ||    17
       Falchion          |       |       |       |    10 ||    10
 Fire: Fustibalus        |       |       |    85 |   180 ||   265
Throw: Stone             |     8 |    20 |    12 |     3 ||    43
Evoke: Wand              |       |       |       |    10 ||    10
  Use: Scroll            |     3 |       |    13 |    12 ||    28
       Potion            |       |     1 |     4 |     6 ||    11
 Stab: Sleeping          |       |     1 |       |       ||     1
       Petrified         |       |       |     8 |     8 ||    16
       Paralysed         |       |       |       |    11 ||    11
Armor: Leather armour    |    38 |    26 |       |       ||    64
       Skin              |       |    17 |    28 |    33 ||    78
       Ring mail         |       |     2 |   108 |   201 ||   311
Dodge: Dodged            |    56 |    64 |   144 |   342 ||   606
Block: Buckler           |       |       |    34 |   252 ||   286
       Reflection        |       |       |       |     1 ||     1
       Rpst.: Scimitar   |       |       |       |    33 ||    33
